 Dungeon Crawl Stone Soup version 0.29.1-12-g30fa7ad0bf (webtiles) character file.

Game seed: 18434154502966196585

177 wormed the Conjurer (level 5, -7/35 HPs)
             Began as a Demonspawn Conjurer on Dec 27, 2022.
             Mangled by Sigmund
             ... wielding a +0 scythe
              (11 damage)
             ... on level 3 of the Dungeon.
             The game lasted 00:06:58 (4067 turns).

wormed the Conjurer (Demonspawn Conjurer)           Turns: 4067, Time: 00:06:58

Health: -7/35      AC:  2    Str:  7    XL:     5   Next: 31%
Magic:  2/10       EV: 12    Int: 22    God:
Gold:   233        SH:  0    Dex: 11    Spells: 8/11 levels left

rFire   . . .      SeeInvis .   f - +0 short sword
rCold   . . .      Faith    .   (no shield)
rNeg    . . .      Spirit   .   a - +0 robe
rPois   .          Reflect  .   (helmet restricted)
rElec   .          Harm     .   (no cloak)
rCorr   .          Rampage  .   (no gloves)
Will    .....                   (no boots)
Stlth   ++........              (no amulet)
HPRegen 0.11/turn               (no ring)
MPRegen 0.12/turn               (no ring)

@: no status effects
A: horns 1, demonic guardian 1
a: no special abilities


You were on level 3 of the Dungeon.
You visited 1 branch of the dungeon, and saw 3 of its levels.

You collected 233 gold pieces.

Inventory:

Hand Weapons
 f - a +0 short sword (weapon)
Armour
 a - a +0 robe (worn)
Wands
 r - a wand of iceblast (13)
Scrolls
 b - 2 scrolls of vulnerability {unknown}
 c - 2 scrolls of amnesia {unknown}
 g - 2 scrolls of teleportation {unknown}
 h - a scroll of fear {unknown}
 j - 3 scrolls of identify {unknown}
 k - a scroll of enchant armour {unknown}
 m - a scroll of butterflies {unknown}
 n - a scroll of immolation {unknown}
 q - a scroll of enchant weapon {unknown}
Potions
 d - a potion of brilliance {unknown}
 e - a potion of curing {unknown}
 i - a potion of haste {unknown}
 l - a potion of magic
 o - 2 potions of mutation {unknown}
 p - a potion of might {unknown}


   Skills:
 - Level 2.0 Dodging
 - Level 2.0 Stealth
 + Level 3.8 Spellcasting
 + Level 5.4 Conjurations


You had 8 spell levels left.
You knew the following spells:

 Your Spells              Type           Power      Damage    Failure   Level
a - Magic Dart            Conj           100%       1d8       1%          1
b - Searing Ray           Conj           54%        2d6       1%          2

Your spell library contained the following spells:

 Spells                   Type           Power      Damage    Failure   Level
 Dazzling Flash           Conj/Hex       32%        N/A       12%         3
 Fulminant Prism          Conj/Hex       8%         3d7       36%         4
 Iskenderun's Mystic Bla  Conj/Tloc      16%        2d5       36%         4
 Agony                    Necr           4%         N/A       97%         5
 Lee's Rapid Deconstruct  Erth           2%         3d5*      97%         5
 Silence                  Hex/Air        2%         N/A       97%         5


Dungeon Overview and Level Annotations

Branches:
Dungeon (3/15)

Altars:
Gozag

Annotations:
D:3 Sigmund


Innate Abilities, Weirdness & Mutations

You have a pair of small horns on your head.
A weak demonic guardian rushes to your aid.


Message History

Press: ? - help, Shift-Dir - straight line, f/p - Sigmund
Aim: Sigmund, wielding a +0 scythe and wearing a +0 robe (lightly wounded, 77% to hit)
The searing ray hits Sigmund.
Sigmund is lightly wounded. (Press . to maintain the ray.)
The searing ray hits Sigmund but does no damage.
Sigmund is lightly wounded.
Sigmund points at you and mumbles some strange words.
You are confused.
Sigmund casts a spell at you. The magic dart hits you.
You're too confused to cast spells.
Sigmund hits you from afar with a +0 scythe!
You bump into the rock wall.
Sigmund gestures at you while chanting. The puff of flame hits you!
A demonic guardian appears!
You feel less confused. Sigmund asks, "Do you like me?"
Casting: Searing Ray (safe; 1% risk of failure)
Confirm with . or Enter, or press ? or * to list all spells.
Aiming: Searing Ray (safe; 1% risk of failure)
Press: ? - help, Shift-Dir - straight line, f/p - Sigmund
Aim: Sigmund, wielding a +0 scythe and wearing a +0 robe (lightly wounded, ally target, 77% to hit)
The searing ray hits Sigmund.
Sigmund is moderately wounded. (Press . to maintain the ray.)
Your quasit bites Sigmund but does no damage.
Your quasit claws Sigmund.
Your quasit claws Sigmund but does no damage.
Sigmund hits you from afar with a +0 scythe!
* * * LOW HITPOINT WARNING * * *
The searing ray hits Sigmund!
Sigmund is severely wounded.
Your demonic guardian avoids your attack.
Your quasit closely misses Sigmund. x3; Your quasit barely misses Sigmund. x3
The searing ray hits Sigmund.
Sigmund is severely wounded.
Your demonic guardian avoids your attack.
Sigmund hits you from afar with a +0 scythe!
You die...

#......<...............
##........#....#.#......
..........)........(....
#....#........#.#....##
#....#.#......#.#..#...
##.....5......)..#..#...
......#@##.....[........
........##............#.
.#...##@##....#..#.#..#.
#.......#....#.........
######..#....#......###
. ####..#....>....#.# ..
.....#.##.##...#.# #.
#.##....####...#.#
#.###.##.#..# #...#.#
#...........####...###
+.......).....##...#


You could see Sigmund (ally target) and a friendly quasit (summoned).

Vanquished Creatures
  An orc priest (D:3)
  A hound (D:3)
  2 adders
  4 worms
  2 dart slugs
  7 orcs (D:3)
  5 bats
  3 endoplasms
  3 giant cockroaches
  9 goblins
  3 hobgoblins
  7 jackals
  7 kobolds
  3 quokkas
  9 ball pythons
  7 frilled lizards
  4 rats
77 creatures vanquished.

Vanquished Creatures (others)
  A plant (D:1)
1 creature vanquished.

Grand Total: 78 creatures vanquished

Notes
Turn   | Place    | Note
-------+----------+-------------------------------------------
     0 | D:1      | wormed the Demonspawn Conjurer began the quest for the Orb.
     0 | D:1      | Reached XP level 1. HP: 13/13 MP: 3/3
   328 | D:1      | Gained mutation: You have a pair of small horns on your
                  | head. [demonic ancestry]
   328 | D:1      | Reached XP level 2. HP: 19/19 MP: 3/5
   373 | D:1      | Learned a level 2 spell: Searing Ray
   723 | D:1      | Found a faded altar of an unknown god.
   917 | D:1      | Reached XP level 3. HP: 24/24 MP: 2/6
  2405 | D:2      | Reached XP level 4. HP: 30/30 MP: 5/8
  3335 | D:3      | Identified the +1 leather armour of the Barracuda {Dex+7}
  3348 | D:3      | Reached skill level 5 in Conjurations
  3683 | D:3      | Found an opulent altar of Gozag.
  3886 | D:3      | Gained mutation: A weak demonic guardian rushes to your
                  | aid. [demonic ancestry]
  3886 | D:3      | Reached XP level 5. HP: 35/35 MP: 1/10
  4054 | D:3      | Noticed Sigmund
  4067 | D:3      | Mangled by Sigmund

Illustrated notes

Levels and vault maps discovered:
D:1:      eino_arrival_water_cross, layout_basic, basic_ecumenical_altar,
          minmay_misc_feat_alley, minmay_split_cup_large
D:2:      layout_rooms
D:3:      layout_basic, amcnicky_altar_gilded, uniq_sigmund

Skill      XL: |  1  2  3  4 |
---------------+-------------+-----
Stealth        | 2 |  2.0
Dodging        | 2 |  2.0
Spellcasting   | 3 |  3.8
Conjurations   | 5 |  5.4

Action                   |  1- 3 |  4- 6 || total
-------------------------+-------+-------++-------
Melee: Unarmed           |    19 |       ||    19
       Headbutt          |     6 |       ||     6
       Punch             |     1 |       ||     1
       Short sword       |    13 |     8 ||    21
 Cast: Magic Dart        |    22 |     3 ||    25
       Searing Ray       |    34 |    29 ||    63
  Use: Potion            |     2 |     1 ||     3
Armor: Robe              |    12 |       ||    12
Dodge: Dodged            |    56 |    15 ||    71
